 Dungeon Crawl Stone Soup version 0.29-a0-723-gce39da1c22 (webtiles) character file.

Game seed: 13364406839016685056

8232 kevlar127 the Grappler (level 11, -10/111 (115) HPs)
             Began as a Troll Berserker on June 28, 2022.
             Was an Elder of Trog.
             Mangled by a four-headed hydra (13 damage)
             ... on level 10 of the Dungeon on June 29, 2022.
             The game lasted 00:38:23 (11700 turns).

kevlar127 the Grappler (Troll Berserker)           Turns: 11700, Time: 00:38:26

HP:   -10/111 (115) AC:  6    Str: 31    XL:     11   Next: 7%
MP:   10/10         EV: 10    Int:  3    God:    Trog [****..]
Gold: 512           SH:  0    Dex:  9    Spells: 10/10 levels left

rFire   . . .      SeeInvis .     - Unarmed
rCold   . . .      Faith    .   (no shield)
rNeg    . . .      Spirit   .   G - +0 troll leather armour
rPois   .          Reflect  .   (helmet restricted)
rElec   .          Harm     .   (no cloak)
rCorr   +          Rampage  .   (gloves unavailable)
Will    +++..                   (boots unavailable)
Stlth   +.........              (no amulet)
HPRegen 2.88/turn               r - ring of willpower
MPRegen 0.12/turn               x - ring of resist corrosion

@: strong-willed, regenerating, lightly drained
A: large, unfitting armour, claws 3, regeneration 1, shaggy fur 1, tough skin 1
a: Renounce Religion, Berserk, Trog's Hand, Brothers in Arms


You were on level 10 of the Dungeon.
You worshipped Trog.
Trog was greatly pleased with you.
You visited 1 branch of the dungeon, and saw 10 of its levels.

You collected 512 gold pieces.

Inventory:

Missiles
 g - 101 stones (quivered)
 z - 27 poisoned darts
 C - 6 boomerangs
 F - 2 curare-tipped darts
 H - 4 atropa-tipped darts
Armour
 s - a +1 animal skin
 G - a +0 troll leather armour (worn)
Jewellery
 r - a ring of willpower (left claw)
 x - a ring of resist corrosion (right claw)
Wands
 a - a wand of mindburst (10)
 f - a wand of iceblast (12)
 i - a wand of flame (18)
 y - a wand of charming (12)
 E - a wand of quicksilver (11)
Scrolls
 c - 2 scrolls of enchant armour {unknown}
 d - 4 scrolls of teleportation
 e - a scroll of identify
 k - a scroll of acquirement {unknown}
 n - a scroll of fog {unknown}
 o - 3 scrolls of immolation {unknown}
 p - a scroll of amnesia {unknown}
 u - a scroll of fear {unknown}
 v - a scroll of summoning {unknown}
 w - 3 scrolls of torment
 A - a scroll of silence
 I - a scroll of vulnerability
 K - a scroll of enchant weapon {unknown}
Potions
 b - 4 potions of ambrosia
 h - a potion of cancellation {unknown}
 j - a potion of haste {unknown}
 l - 5 potions of lignification
 m - a potion of flight {unknown}
 q - 4 potions of curing
 t - a potion of brilliance {unknown}
 B - 2 potions of degeneration
 D - a potion of might {unknown}
 L - a potion of heal wounds {unknown}
 M - a potion of berserk rage {unknown}


   Skills:
 + Level 9.1 Fighting
 - Level 6.0 Throwing
 + Level 2.0 Armour
 - Level 3.0 Dodging
 + Level 10.6 Unarmed Combat
 - Level 4.0 Evocations


You had 10 spell levels left.
You didn't know any spells.
Your spell library was empty.

Dungeon Overview and Level Annotations

Branches:
Dungeon (10/15)            Temple (0/1) D:7            Lair (0/6) D:8
    Orc: D:9-12

Altars:
Cheibriados
Fedhas
Makhleb
The Shining One

Shops:
D:6 :   D:9 [


Innate Abilities, Weirdness & Mutations

You are too large for most types of armour.
You have claws for hands.
Your natural rate of healing is unusually fast.
You are covered in fur. (AC +1)
You have tough skin. (AC +1)


Message History

Aim: a four-headed hydra (80% to hit)
You throw a large rock.
The large rock hits the four-headed hydra.
The four-headed hydra is lightly wounded.
The four-headed hydra closely misses you.
The four-headed hydra bites you! The four-headed hydra bites you.
The four-headed hydra bites you but does no damage.
The four-headed hydra bites you!
The four-headed hydra barely misses you.
The four-headed hydra bites you but does no damage.
The four-headed hydra completely misses you.
Your skin crawls.
You feel strong-willed. The four-headed hydra bites you.
The four-headed hydra bites you! The four-headed hydra bites you.
The four-headed hydra bites you but does no damage.
Throw: large rock
Press: ? - help, Q - select action, (/) - cycle Shift-Dir - straight line, f/p - four-headed hydra
Aim: a four-headed hydra (lightly wounded, 80% to hit)
You throw a large rock.
The large rock hits the four-headed hydra!!
The four-headed hydra is heavily wounded.
The four-headed hydra bites you. The four-headed hydra bites you!
The four-headed hydra bites you. The four-headed hydra bites you!
The four-headed hydra bites you. The four-headed hydra bites you!
The four-headed hydra barely misses you. x2
The four-headed hydra attacks as you move away!
The four-headed hydra bites you. The four-headed hydra bites you!
* * * LOW HITPOINT WARNING * * *
The four-headed hydra bites you but does no damage.
The four-headed hydra bites you!
* * * LOW HITPOINT WARNING * * *
There is an open door here.
The four-headed hydra attacks as you move away!
The four-headed hydra bites you!
* * * LOW HITPOINT WARNING * * *
The four-headed hydra bites you.
* * * LOW HITPOINT WARNING * * *
The four-headed hydra bites you!
You die...

#..# #####'### #.# #.## #.......#
#.## #'####### ####.......# #..#
........####..'.......#######.#
........#....##.......'....##.##
........#.#####.......####.....##
........#.# #.......# ####....
........#.# #.......# #.###
........'.# ##@###### #.#
........### #D.# #.# ###....##
##.### #.# ####.# #...# ###'###
... ###(# #...... #### ....
#...... ####.# #...:.. .# +......
# #......


You could see a four-headed hydra.

Vanquished Creatures
  A two-headed ogre (D:8)
  A skeletal warrior (D:8)
  A cyclops (D:8)
  A manticore (D:8)
  A gargoyle (D:8)
  A komodo dragon (D:8)
  A troll (D:8)
  A slime creature (D:8)
  A shadow (D:10)
  2 wyverns
  4 yaks (D:8)
  Eustachio (D:6)
  2 steam dragons
  A water moccasin (D:7)
  2 black bears (D:5)
  3 orc warriors
  A sky beast (D:7)
  6 centaurs
  4 kobold brigands
  Blork the orc (D:4)
  2 gnoll sergeants
  3 bullfrogs
  A scorpion (D:5)
  A water moccasin zombie (D:6)
  5 necrophages
  12 wights
  9 killer bees
  A howler monkey (D:9)
  5 hounds
  A jelly (D:4)
  4 orc priests
  4 iguanas
  5 orc wizards
  Robin (D:3)
  11 gnolls
  2 adders
  2 shadow imps
  A white imp (D:8)
  An ufetubus (D:4)
  3 worms
  2 dart slugs
  17 orcs
  4 endoplasms
  A giant cockroach (D:4)
  13 goblins
  8 hobgoblins
  2 quokkas
  2 ball pythons (D:3)
  10 bats
  2 frilled lizards
  30 kobolds
  5 rats
206 creatures vanquished.

Vanquished Creatures (others)
  An orc wizard (D:9)
  An orc (D:8)
  A bush (D:6)
  37 plants
40 creatures vanquished.

Grand Total: 246 creatures vanquished

Notes
Turn   | Place    | Note
-------+----------+-------------------------------------------
     0 | D:1      | kevlar127 the Troll Berserker began the quest for the Orb.
     0 | D:1      | Reached XP level 1. HP: 22/22 MP: 0/0
   280 | D:1      | Reached XP level 2. HP: 29/29 MP: 1/1
   774 | D:2      | Reached XP level 3. HP: 36/36 MP: 2/2
   821 | D:2      | Reached ** piety under Trog
   827 | D:2      | Found a faded altar of an unknown god.
   896 | D:2      | Reached XP level 4. HP: 10/45 MP: 3/3
  1404 | D:3      | Noticed Robin
  1418 | D:3      | Reached skill level 4 in Unarmed Combat
  1451 | D:3      | Killed Robin
  1818 | D:3      | Found a glowing golden altar of the Shining One.
  1896 | D:4      | Noticed Blork the orc
  1909 | D:4      | Killed Blork the orc
  1910 | D:4      | Reached XP level 5. HP: 46/54 MP: 4/4
  2172 | D:4      | Reached skill level 5 in Unarmed Combat
  2205 | D:4      | Reached XP level 6. HP: 60/62 MP: 5/5
  2694 | D:5      | Entered Level 5 of the Dungeon
  2741 | D:5      | Reached skill level 1 in Throwing
  2823 | D:5      | Reached XP level 7. HP: 47/71 MP: 6/6
  2890 | D:5      | Reached *** piety under Trog
  3033 | D:5      | Reached skill level 5 in Fighting
  3033 | D:5      | Reached skill level 6 in Unarmed Combat
  3810 | D:6      | Noticed Eustachio
  3825 | D:6      | Killed Eustachio
  3834 | D:6      | Found Qevyaxut's Book Emporium.
  3893 | D:6      | Found a blossoming altar of Fedhas.
  4291 | D:6      | Reached XP level 8. HP: 69/80 MP: 7/7
  4301 | D:6      | Reached skill level 1 in Evocations
  4550 | D:7      | Reached skill level 7 in Unarmed Combat
  4914 | D:7      | Found a burning altar of Makhleb.
  5150 | D:7      | HP: 4/124 [gnoll/+0 club[a gnoll sergeant] (3)]
  5155 | D:7      | HP: 3/83 [poisoned by a gnoll sergeant]
  5601 | D:7      | Found a staircase to the Ecumenical Temple.
  5991 | D:7      | Reached XP level 9. HP: 46/89 MP: 8/8
  7290 | D:7      | Reached skill level 8 in Unarmed Combat
  7496 | D:8      | Found a staircase to the Lair.
  7497 | D:8      | Noticed a komodo dragon
  7521 | D:8      | Killed a komodo dragon
  7772 | D:8      | Found a snail-covered altar of Cheibriados.
  7922 | D:8      | Noticed a two-headed ogre
  7935 | D:8      | Killed a two-headed ogre
  7958 | D:8      | Reached **** piety under Trog
  7967 | D:8      | Reached skill level 9 in Unarmed Combat
  8241 | D:9      | Reached XP level 10. HP: 84/102 MP: 9/9
  9288 | D:8      | Noticed a skeletal warrior
  9306 | D:8      | Killed a skeletal warrior
  9315 | D:8      | Noticed a gargoyle
  9325 | D:8      | Killed a gargoyle
  9326 | D:8      | Reached skill level 5 in Throwing
  9394 | D:8      | Reached skill level 10 in Unarmed Combat
  9441 | D:8      | Noticed a manticore
  9451 | D:8      | Killed a manticore
  9452 | D:8      | Noticed a cyclops
  9461 | D:8      | Killed a cyclops
  9581 | D:8      | Reached skill level 1 in Armour
 10981 | D:9      | Reached XP level 11. HP: 95/106 MP: 10/10
 11357 | D:9      | Found Ogoxu's Antique Armour Emporium.
 11558 | D:10     | Entered Level 10 of the Dungeon
 11692 | D:10     | Noticed a four-headed hydra
 11700 | D:10     | HP: 3/111 [four-headed hydra (6)]
 11700 | D:10     | Mangled by a four-headed hydra

Illustrated notes

Levels and vault maps discovered:
D:1:      amcnicky_arrival_feature_with_door, layout_basic
D:2:      layout_rooms, ebering_ecumenical_altar_mist, dk_noncrumbling_4,
          grunt_ministairs_7
D:3:      layout_rooms, nicolae_tso_swordbearing_angel, uniq_robin
D:4:      layout_loops_ring, uniq_blork_the_orc
D:5:      layout_cave_pods, minmay_misc_feat_plants, palyth_stone_intersect
D:6:      layout_rooms, fedhas_altar_decomposition, serial_shops, shop,
          uniq_eustachio
D:7:      layout_basic, mainiacjoe_overflow_six_doors_small,
          minmay_temple_entry_statues_pillars, minmay_increasing_density
D:8:      minmay_curly_fans, layout_gridville, mainiacjoe_overflow_tiny_flanked,
          david_lair_shrubbed, serial_rivers, chequers_serial_rivers_small_3,
          chequers_serial_rivers_marsh, chequers_serial_rivers_micro_e,
          chequers_serial_rivers_micro_c, chequers_serial_rivers_marsh,
          chequers_serial_rivers_micro_d
D:9:      layout_irregular_city, serial_shops, kennysheep_little_box,
          chequers_garden
D:10:     layout_roguey, uniq_maurice, uniq_amaemon

Skill      XL: |  1  2  3  4  5  6  7  8  9 10 11 |
---------------+----------------------------------+-----
Fighting       | 3 4 5 6 7 9 |  9.1
Dodging        | 3 |  3.0
Unarmed Combat | 4 5 6 7 9 10 | 10.6
Throwing       | 1 3 4 5 6 |  6.0
Evocations     | 2 4 |  4.0
Armour         | 1 2 |  2.0

Action                   |  1- 3 |  4- 6 |  7- 9 | 10-12 || total
-------------------------+-------+-------+-------+-------++-------
Melee: Unarmed           |    74 |   140 |   247 |   222 ||   683
       Punch             |     2 |       |    10 |    23 ||    35
Throw: Dart              |       |       |     9 |     4 ||    13
       Stone             |       |       |     1 |       ||     1
       Boomerang         |       |       |       |    77 ||    77
       Large rock        |       |       |       |     2 ||     2
Invok: Trog's Hand       |       |     1 |     3 |     3 ||     7
       Berserk           |       |     1 |     4 |     4 ||     9
  Use: Scroll            |       |       |       |     8 ||     8
Armor: Animal skin       |    20 |    43 |    65 |    16 ||   144
       Troll leather arm |       |       |       |    23 ||    23
Dodge: Dodged            |    35 |    74 |   112 |    65 ||   286

Table legend: (Time is in decaauts)
 A = Elapsed time spent in this place.
 B = Non-inter-level travel time spent in this place.
 C = Inter-level travel time spent in this place.
 D = Time resting spent in this place.
 E = Time spent auto-exploring this place.
 F = Levels seen in this place.
 G = Mean time per level.
                   A        B        C        D        E       F      G
               +--------+--------+--------+--------+--------+-----+--------+
         Total |  11703 |  10904 |    799 |   4211 |   4932 |  10 | 1170.3 |
       Dungeon |  11703 |  10904 |    799 |   4211 |   4932 |  10 | 1170.3 |
               +--------+--------+--------+--------+--------+-----+--------+

Top non-repeatable levels by time:
     D:7: 2988 daAuts
     D:9: 2541 daAuts
     D:8: 1546 daAuts
     D:5: 870 daAuts
     D:4: 793 daAuts
     D:6: 791 daAuts
     D:2: 737 daAuts
     D:1: 656 daAuts
     D:3: 635 daAuts
    D:10: 142 daAuts
